 Dungeon Crawl Stone Soup version 0.32-a0-933-ga8fa3634e4 (webtiles) character file.

Game seed: 12732082924392395080

19 Autsider the Chiller (level 2, -7/19 HPs)
             Began as a Barachi Ice Elementalist on Apr 14, 2024.
             Mangled by Natasha (8 damage)
             ... on level 2 of the Dungeon.
             The game lasted 00:03:46 (930 turns).

Autsider the Chiller (Barachi Ice Elementalist)      Turns: 930, Time: 00:03:46

Health: -7/19      AC:  2    Str:  9    XL:     2   Next: 75%
Magic:  2/5        EV: 10    Int: 15    God:
Gold:   88         SH:  4    Dex: 12    Spells: 4/5 levels left

rFire   . . .        e - +0 hand axe
rCold   . . .        f - +0 buckler
rNeg    . . .        a - +0 robe
rPois   .            (no helmet)
rElec   .            (no cloak)
rCorr   .            (no gloves)
SInv    .            (no boots)
Will    .....        (no amulet)
Stlth   ++           (no ring)
HPRegen 0.23/turn    (no ring)
MPRegen 0.09/turn

%: no passive effects
@: slow
A: amphibious, slowness 1, strong legs 1, +LOS
a: Hop


You were on level 2 of the Dungeon.
You visited 1 branch of the dungeon, and saw 2 of its levels.

You collected 88 gold pieces.

Inventory:

Hand Weapons
 e - a +0 hand axe (weapon)
Armour
 a - a +0 robe (worn)
 f - a +0 buckler (worn)
Scrolls
 c - 2 scrolls of poison {unknown}
 d - a scroll of identify {unknown}
 g - a scroll of fog {unknown}
 j - a scroll of teleportation {unknown}
Potions
 b - 2 potions of magic
 h - a potion of brilliance {unknown}
 i - a potion of curing {unknown}
 k - a potion of attraction {unknown}


   Skills:
 - Level 2.1 Dodging
 - Level 2.0 Stealth
 + Level 1.4 Shields
 - Level 2.1 Spellcasting
 + Level 5.3 Ice Magic


You had 4 spell levels left.
You knew the following spells:

 Your Spells              Type           Power      Damage    Failure   Level
a - Freeze                Ice            68%        1d8       3%          1

Your spell library contained the following spells:

 Spells                   Type           Power      Damage    Failure   Level
 Frozen Ramparts          Ice            34%        1d6       11%         3
 Ozocubu's Armour         Ice            17%        N/A       11%         3
 Summon Ice Beast         Ice/Summ       9%         N/A       32%         3
 Metabolic Englaciation   Hex/Ice        4%         N/A       97%         5


Dungeon Overview and Level Annotations

Branches:
Dungeon (2/15)

Altars:

Annotations:
D:2 Natasha


Innate Abilities, Weirdness & Mutations

You are amphibious.
You cover ground slowly.
You can hop short distances.
You have an extended range of vision and can be seen from far away.


Message History

There is an open door here.
You open the door.
There is an open door here.
Natasha, Servant of Life and Death comes into view.
Found a coppery potion.
Natasha casts a spell at you. The magic dart hits you.
You start resting.
Natasha is nearby!
Natasha claws you!
* * * LOW HITPOINT WARNING * * *
Casting: Freeze (safe; 3% risk of failure)
Confirm with . or Enter, or press ? or * to list all spells.
Aiming: Freeze (safe; 3% risk of failure)
Press: ? - help, Shift-Dir - straight line, f - Natasha
Aim: Natasha You freeze Natasha.
Natasha is lightly wounded.
Natasha claws you!
* * * LOW HITPOINT WARNING * * *
Casting: Freeze (safe; 3% risk of failure)
Confirm with . or Enter, or press ? or * to list all spells.
Aiming: Freeze (safe; 3% risk of failure)
Press: ? - help, Shift-Dir - straight line, f/p - Natasha
Aim: Natasha (lightly wounded)
You freeze Natasha.
Natasha is heavily wounded.
Natasha barely misses you.
Casting: Freeze (safe; 3% risk of failure)
Confirm with . or Enter, or press ? or * to list all spells.
Aiming: Freeze (safe; 3% risk of failure)
Press: ? - help, Shift-Dir - straight line, f/p - Natasha
Aim: Natasha (heavily wounded)
You freeze Natasha.
Natasha is almost dead.
Natasha wildly gestures.
Natasha's front paws start to glow.
Natasha claws you!
You die...
Natasha curls up and begins to purr.

###########...#...##
..............'...'. #.
#..........#...##
#.##.......#########
+..+.......+........
#..#.......#.......#
######.#.......#.......#
#......h.......#.......#
#.....#@.......#.......#
#.....#..#######.......#
#.....##.# ### #.......#
#..... #+###.. +.......+
.!.....
.......##.....<.#
....##.. .....
.......#### ..h. #..
.......####.# # ... #..
...#.# #.# # #.#.#
#.####


You could see Natasha.

Vanquished Creatures
  A dart slug (D:1)
  3 endoplasms
  3 goblins
  A quokka (D:1)
  3 bats (D:1)
  A frilled lizard (D:1)
  A kobold (D:2)
  4 rats
17 creatures vanquished.

Notes
Turn   | Place    | Note
-------+----------+-------------------------------------------
     0 | D:1      | Autsider the Barachi Ice Elementalist began the quest for
                  | the Orb.
     0 | D:1      | Reached XP level 1. HP: 13/13 MP: 3/3
   177 | D:1      | You fall into a shaft and drop 1 floor!
   222 | D:1      | Reached skill level 5 in Ice Magic
   229 | D:1      | Reached XP level 2. HP: 14/19 MP: 0/5
   339 | D:1      | Reached skill level 1 in Shields
   919 | D:2      | Noticed Natasha
   930 | D:2      | Mangled by Natasha

Illustrated notes

Levels and vault maps discovered:
D:1:      mainiacjoe_arrival_reflecting_pool, layout_basic, minmay_circled_x
D:2:      layout_basic, hangedman_abyss_or_decor_lesser_grid, st_stairs_4,
          uniq_natasha, uniq_crazy_yiuf_cottage

Skill      XL: |  1  2 |
---------------+-------+-----
Stealth        | 2 |  2.0
Ice Magic      | 5 |  5.3
Shields        | 1 |  1.4
Dodging        | |  2.1
Spellcasting   | |  2.1

Action                     || total
---------------------------++-------
  Melee: Hand axe          ||    12
   Cast: Freeze            ||    20
   Stab: Sleeping          ||     2
 Armour: Robe              ||    19
  Dodge: Dodged            ||    16

Table legend: (Time is in decaauts)
 A = Elapsed time spent in this place.
 B = Non-inter-level travel time spent in this place.
 C = Inter-level travel time spent in this place.
 D = Time resting spent in this place.
 E = Time spent auto-exploring this place.
 F = Levels seen in this place.
 G = Mean time per level.
                   A        B        C        D        E       F      G
               +--------+--------+--------+--------+--------+-----+--------+
         Total |   1053 |   1040 |     13 |      3 |    873 |   2 |  526.5 |
       Dungeon |   1053 |   1040 |     13 |      3 |    873 |   2 |  526.5 |
               +--------+--------+--------+--------+--------+-----+--------+

Top non-repeatable levels by time:
     D:1: 758 daAuts
     D:2: 294 daAuts
